 Dungeon Crawl Stone Soup version 0.27-a0-1434-g6f15984924 (webtiles) character file.

Game seed: 2381093945718378492

15 ipx the Firebug (level 2, 10/15 HPs)
             Began as a Deep Elf Fire Elementalist on July 3, 2021.
             Got out of the dungeon alive.
             The game lasted 00:04:04 (538 turns).

ipx the Firebug (Deep Elf Fire Elementalist)         Turns: 538, Time: 00:04:04

Health: 10/15      AC:  2    Str:  5    XL:     2   Next: 34%
Magic:  8/8        EV: 12    Int: 19    God:
Gold:   30         SH:  0    Dex: 15    Spells: 6/7 levels left

rFire    . . .     SeeInvis .   (no weapon)
rCold    . . .     Faith    .   (no shield)
rNeg     . . .     Spirit   .   a - +0 robe
rPois    .         Reflect  .   (no helmet)
rElec    .         Harm     .   (no cloak)
rCorr    .         Rampage  .   (no gloves)
Will     .....                  (no boots)
Stlth    ++........             (no amulet)
HPRegen  0.05/turn              (no ring)
MPRegen  0.11/turn              (no ring)

@: no status effects
A: no striking features
a: no special abilities


You escaped.
You visited 1 branch of the dungeon, and saw 2 of its levels.

You collected 30 gold pieces.

Inventory:

Armour
 a - a +0 robe (worn)
Scrolls
 d - a scroll of identify {unknown}
Potions
 b - a potion of berserk rage {unknown}


   Skills:
 - Level 2.4 Dodging
 + Level 2.5 Stealth
 - Level 3.0 Spellcasting
 * Level 2.2 Conjurations
 + Level 3.5 Fire Magic


You had 6 spell levels left.
You knew the following spells:

 Your Spells              Type           Power      Damage    Failure   Level
x - Foxfire               Conj/Fire      52%        2x1d6     4%          1

Your spell library contained the following spells:

 Spells                   Type           Power      Damage    Failure   Level
 Conjure Flame            Conj/Fire      13%        6-21      14%         3
 Inner Flame              Hex/Fire       9%         N/A       22%         3
 Sticky Flame             Conj/Fire      13%        2d4       43%         4
 Fireball                 Conj/Fire      6%         3d5       78%         5


Dungeon Overview and Level Annotations

Branches:
Dungeon (2/15)

Altars:


Message History

The bat misses you. The bat barely misses you.
Casting: Foxfire (safe; 4% risk of failure)
Confirm with . or Enter, or press ? or * to list all spells.
There is not enough space to conjure foxfire!
As you read the scroll labelled FAXI KYSAOKK, it crumbles to dust.
Wisps of shadow whirl around you...
It was a scroll of summoning.
The bat barely misses you.
The bat hits your endoplasm but does no damage.
You barely miss the bat.
The bat is moderately wounded.
The bat hits you but does no damage. The bat barely misses you.
The worm bites you.
Your endoplasm freezes the bat.
The bat is frozen.
Your gnoll hits the worm but does no damage.
Your rat bites the worm.
You hit the bat but do no damage.
The bat is severely wounded.
The bat hits you. The bat barely misses you. The worm bites you.
Your rat bites the worm.
Your endoplasm hits the bat.
The bat dies!
Your gnoll hits the worm with a +0 flail!
The worm dies!
Okay, then.
Unknown command.
You see here a worm corpse.
You swap places.
Things that are here:
a +0 dagger; a stone You swap places.
You swap places.
There is a stone staircase leading up here.
You climb upwards.
There is a stone staircase leading down here.
Magic restored.
There is an open door here.
There is an open door here.
There is a staircase leading out of the dungeon here.
Are you sure you want to leave the Dungeon?
This will make you lose the game!
You have escaped!

#####.#.## #.##.##.# #.#.#
#.##.##.#
#.#.############.##.##.# .
..#...............#.##.# #
###################.##.#
########.##.#
################.....##.##.#
...............'.....##.##.#
################@....##.##.#
###+####.##.# #..###.#..#
##..#..#.## #..#.#.#.#
####### #...##.#.# #.....#
##.###...# #.....# #.##
#.#.# #.....# #.# #.#.#


There were no monsters in sight!

Vanquished Creatures
  An endoplasm (D:1)
  A giant cockroach (D:1)
  4 hobgoblins
  2 kobolds
  A goblin (D:1)
  A rat (D:1)
10 creatures vanquished.

Vanquished Creatures (collateral kills)
  A worm (D:2)
  A bat (D:2)
  2 foxfires (D:1)
4 creatures vanquished.

Vanquished Creatures (others)
  20 foxfires
20 creatures vanquished.

Grand Total: 34 creatures vanquished

Notes
Turn   | Place    | Note
-------+----------+-------------------------------------------
     0 | D:1      | ipx the Deep Elf Fire Elementalist began the quest for the
                  | Orb.
     0 | D:1      | Reached XP level 1. HP: 10/10 MP: 6/6
   189 | D:1      | Found a faded altar of an unknown god.
   377 | D:1      | Reached XP level 2. HP: 15/15 MP: 5/8
   538 | D:$      | Got out of the dungeon alive.

Illustrated notes

Levels and vault maps discovered:
D:1:      elethiomel_arrival_fortress_basement, layout_basic,
          ebering_ecumenical_altar_petrified
D:2:      layout_loops_ring

Skill      XL: |  1 |
---------------+----+-----
Conjurations   | 2 |  2.2
Dodging        | |  2.4
Stealth        | |  2.5
Spellcasting   | |  3.0
Fire Magic     | |  3.5

Action                   || total
-------------------------++-------
Melee: Unarmed           ||     5
 Cast: Foxfire           ||    15
  Use: Scroll            ||     1
Armor: Robe              ||     1
Dodge: Dodged            ||    10

Table legend: (Time is in decaauts)
 A = Elapsed time spent in this place.
 B = Non-inter-level travel time spent in this place.
 C = Inter-level travel time spent in this place.
 D = Time resting spent in this place.
 E = Time spent auto-exploring this place.
 F = Levels seen in this place.
 G = Mean time per level.
                   A        B        C        D        E       F      G
               +--------+--------+--------+--------+--------+-----+--------+
         Total |    538 |    441 |     97 |      0 |      0 |   2 |  269.0 |
       Dungeon |    538 |    441 |     97 |      0 |      0 |   2 |  269.0 |
               +--------+--------+--------+--------+--------+-----+--------+

Top non-repeatable levels by time:
     D:1: 507 daAuts
     D:2: 30 daAuts
